 Dungeon Crawl Stone Soup version 0.22.1-2-g9c5b331383 (webtiles) character file.

53 Cykl0x the Skirmisher (level 3, -2/55 HPs)
             Began as an Ogre Skald on Dec 30, 2018.
             Slain by Sigmund
             ... wielding a +0 scythe
              (4 damage)
             ... on level 2 of the Dungeon.
             The game lasted 00:07:03 (1431 turns).

Cykl0x the Skirmisher (Ogre Skald)                  Turns: 1431, Time: 00:07:04

Health: -2/55      AC: 21    Str: 15    XL:     3   Next: 89%
Magic:  0/6        EV:  1    Int: 11    God:
Gold:   41         SH:  0    Dex:  9    Spells: 2/7 levels left

rFire    . . .     SeeInvis .   a - +0 hand axe
rCold    . . .     Gourm    .   (no shield)
rNeg     + + +     Faith    .   (armour currently unavailable)
rPois    +         Spirit   .   (helmet currently unavailable)
rElec    .         Reflect  .   (cloak currently unavailable)
rCorr    .         Harm     .   (gloves unavailable)
MR       .....     NoTele   +   (boots unavailable)
Stlth    +.........             (no amulet)
HPRegen  0.18/turn              c - ring of positive energy
MPRegen  0.10/turn              g - -3 ring of intelligence (curse)

@: tree-form, infused, hasted, very quick
A: large, unfitting armour
a: no special abilities


You were on level 2 of the Dungeon.
You were not hungry.
You were a tree.
You visited 1 branch of the dungeon, and saw 2 of its levels.

You collected 41 gold pieces.

Inventory:

Hand Weapons
 a - a +0 hand axe (weapon)
Armour
 b - a +0 robe (melded)
 j - a +2 cloak (melded)
Jewellery
 c - a ring of positive energy (left branch)
 g - a cursed -3 ring of intelligence (right branch)
Potions
 f - 2 potions of brilliance
Comestibles
 d - 2 rations


   Skills:
 + Level 3.2 Fighting
 + Level 2.7 Axes
 + Level 2.9 Dodging
 + Level 0.1 Stealth
 + Level 2.6 Spellcasting
 + Level 2.9 Charms


You had 2 spell levels left.
You knew the following spells:

 Your Spells              Type           Power        Failure   Level  Hunger
a - Infusion              Chrm           #...         9%          1    ##.....
b - Song of Slaying       Chrm           #.......     12%         2    ###....
c - Shroud of Golubria    Chrm/Tloc      #.........   22%         2    ###....

Your spell library contained the following spells:

 Spells                   Type           Power        Failure   Level  Hunger
 Regeneration             Chrm/Necr      #.........   41%         3    ####...
 Spectral Weapon          Hex/Chrm       #.......     41%         3    ####...


Dungeon Overview and Level Annotations

Branches:
Dungeon (2/15)

Altars:

Annotations:
D:2 Sigmund


Innate Abilities, Weirdness & Mutations

You are too large for most types of armour.
((You have tough skin. (AC +1)))


Message History

You hit something. You miss something.
You are no longer magically infusing your attacks.
Something hits you.
* * * LOW HITPOINT WARNING * * *
You barely miss something. You miss something.
Something hits you but does no damage.
Casting: Infusion (safe; 9% risk of failure)
Confirm with . or Enter, or press ? or * to list all spells.
You begin infusing your attacks with magical energy.
You miss something. Something hits you but does no damage.
You barely miss something. You closely miss something.
Something hits you but does no damage.
You closely miss something. You barely miss something.
Something hits you but does no damage.
You hit something. You miss something. Something hits you but does no damage.
You barely miss something. You barely miss something. Something hits you.
You die...

..... ...
... ...
#.# #b#
#{# #
#♣##.#
#....#
#.####
#.# #.#
##.##
#...#
##.######
#..[...#


You could see a bat.

Vanquished Creatures
  An adder (D:2)
  An ooze (D:1)
  3 dart slugs
  A leopard gecko (D:1)
  A ball python (D:1)
  A giant cockroach (D:2)
  5 goblins (D:1)
  3 hobgoblins
  4 kobolds (D:1)
  3 bats (D:1)
  5 frilled lizards (D:1)
  7 rats
35 creatures vanquished.

Notes
Turn   | Place    | Note
-------+----------+-------------------------------------------
     0 | D:1      | Cykl0x the Ogre Skald began the quest for the Orb.
     0 | D:1      | Reached XP level 1. HP: 22/22 MP: 3/3
    10 | D:1      | Reached skill level 3 in Fighting
    96 | D:1      | Reached XP level 2. HP: 22/31 MP: 0/5
   144 | D:1      | Learned a level 2 spell: Song of Slaying
   147 | D:1      | Learned a level 2 spell: Shroud of Golubria
   325 | D:1      | Reached XP level 3. HP: 30/37 MP: 0/6
  1389 | D:2      | Noticed Sigmund
  1406 | D:2      | HP: 1/37 [something (3)]
  1411 | D:2      | HP: 1/55 [something (3)]
  1419 | D:2      | HP: 1/55 [something (1)]
  1431 | D:2      | Slain by Sigmund

Skill      XL: |  1 |
---------------+----+-----
Fighting       | 3 |  3.2
Axes           | |  2.7
Dodging        | |  2.9
Stealth        | |  0.1
Spellcasting   | |  2.6
Charms         | |  2.9

Action                   || total
-------------------------++-------
Melee: Hand axe          ||   142
 Cast: Infusion          ||    12
       Shroud of Golubri ||     4
  Use: Scroll            ||     6
       Potion            ||     3
 Stab: Sleeping          ||     1
  Eat: Chunk             ||     2
Armor: Robe              ||    41
       Skin              ||     8
Dodge: Dodged            ||    68
